 Dungeon Crawl Stone Soup version 0.31-a0-188-g5e087ee2ca (webtiles) character file.

Game seed: 14962642037954388935

1102 qw the Skirmisher (level 8, -8/44 HPs)
             Began as a Deep Elf Hunter on June 23, 2023.
             Was a Follower of Okawaru.
             Mangled by a yak (13 damage)
             ... on level 6 of the Dungeon.
             The game lasted 00:01:34 (4234 turns).

qw the Skirmisher (Deep Elf Hunter)                 Turns: 4234, Time: 00:01:34

Health: -8/44      AC:  6    Str: 10    XL:     8   Next: 10%
Magic:  11/13      EV: 14    Int: 15    God:    Okawaru [*.....]
Gold:   289        SH:  0    Dex: 18    Spells: 7/7 levels left

rFire   . . .        Y - +1 orcbow
rCold   . . .        (shield currently unavailable)
rNeg    . . .        a - +0 ring mail
rPois   .            (no helmet)
rElec   .            (no cloak)
rCorr   .            (no gloves)
SInv    .            (no boots)
Will    .....        e - amulet of faith
Stlth   +++          (no ring)
HPRegen 0.27/turn    (no ring)
MPRegen 0.13/turn

%: faith
@: about to teleport, heroic
A: no striking features
a: Renounce Religion, Heroism


You were on level 6 of the Dungeon.
You worshipped Okawaru.
Okawaru was aware of your devotion.
You visited 1 branch of the dungeon, and saw 6 of its levels.

You collected 289 gold pieces.


   Skills:
 - Level 2.1(7.1) Fighting
 + Level 11.9(16.9) Ranged Weapons
 - Level 3.2(8.2) Dodging
 - Level 1.2(6.2) Stealth
 - Level 4.3 Invocations


You had 7 spell levels left.
You didn't know any spells.
Your spell library was empty.

Inventory:

Hand Weapons
 Y - a +1 orcbow (weapon)
Armour
 a - a +0 ring mail (worn)
Jewellery
 e - an amulet of faith (around neck)
 j - an amulet of the acrobat
Scrolls
 g - 2 scrolls of teleportation
 h - a scroll of identify
Potions
 b - a potion of heal wounds
 d - a potion of curing
 i - a potion of haste {unknown}

Dungeon Overview and Level Annotations

Branches:
Dungeon (6/15)
 Temple: D:4-7

Altars:
Ashenzari
Dithmenos
Gozag
Kikubaaqudgha
Okawaru
Qazlal
Uskayaw

Shops:
D:1 ?

Annotations:
D:4 3 runed translucent doors, qw's ghost, amateur DEHu


Message History

You shoot an arrow. The yak bellows!
The arrow hits the yak.
The yak is heavily wounded.
You hear a bellow!
A sky beast comes into view.
You shoot an arrow. The arrow hits the yak!
The yak is heavily wounded.
A yak comes into view.
You shoot an arrow. The arrow hits the yak.
The yak is severely wounded.
The yak gores you! The yak gores you.
4227 ||| INVOKING Heroism.
You gain the combat prowess of a mighty hero.
The yak gores you.
A yak comes into view.
The yak gores you!
You shoot an arrow. The arrow hits the yak!
The yak is almost dead.
The yak barely misses you. The yak closely misses you.
You shoot an arrow. The arrow barely misses the yak.
The yak barely misses you.
You shoot an arrow. The arrow hits the yak.
The yak is lightly wounded.
The yak closely misses you.
You shoot an arrow.
The arrow hits the yak but does no damage.
The yak is lightly wounded.
You shoot an arrow.
The arrow hits the yak but does no damage.
The yak is lightly wounded.
The yak barely misses you.
You shoot an arrow. The arrow hits the yak!!
The yak is heavily wounded.
The yak closely misses you. The yak gores you!
4234 ||| READING 3 scrolls of teleportation.
As you read the scroll of teleportation, it crumbles to dust.
You feel strangely unstable. The yak gores you!
You die...

#>#### #.#.## #.#
##...#### #.# #.
##...#7.7 #.#
#¤###...#w¤7 #.#
#~##...#7k7# #.#
#¤#...#77¤# #.#
##.##...#wn.#
#.###.###...#iiw#
#@Y###.##...#inD#
..Y.YYYY#.###S#._.#DkD#
.#.###Y####..S#...#k¤.#
#. #¤.##...#~¤7# #.
#¤¤.#...#7..# ..
#¤#.#...#.7¤# #.
#..##...#7t¤# #.
#.###...#¤77# ##
##...#7t


You could see 6 yaks and a sky beast.

Vanquished Creatures
  Sigmund (D:5)
  2 ice beasts
  2 phantoms (D:5)
  A gnoll sergeant (D:5)
  2 howler monkeys (D:4)
  An orc priest (D:5)
  A sleepcap (D:5)
  3 hounds
  3 iguanas (D:5)
  An orc wizard (D:4)
  6 adders
  8 gnolls
  A shadow imp (D:5)
  2 dart slugs
  12 orcs
  7 bats
  5 endoplasms
  4 giant cockroaches
  4 goblins
  7 hobgoblins
  6 kobolds
  4 quokkas
  8 ball pythons
  2 frilled lizards (D:1)
  8 rats
101 creatures vanquished.

Notes
Turn   | Place    | Note
-------+----------+-------------------------------------------
     0 | D:1      | qw the Deep Elf Hunter began the quest for the Orb.
     0 | D:1      | Reached XP level 1. HP: 12/12 MP: 3/3
     0 | D:1      | 0 ||| qw: Version: 0.3-a-9-g12657ce
     0 | D:1      | 0 ||| qw: Game counter: 3125
     0 | D:1      | 0 ||| qw: Always use a shield: true
     0 | D:1      | 0 ||| qw: God list: Okawaru
     0 | D:1      | 0 ||| qw: Allow faded altars: false
     0 | D:1      | 0 ||| qw: Do Orc after D:15 true
     0 | D:1      | 0 ||| qw: Do second Lair branch before Depths: true
     0 | D:1      | 0 ||| qw: Lair rune preference: random
     0 | D:1      | 0 ||| qw: Plans: Normal
     0 | D:1      | 0 ||| PLANNING D:1-11
   105 | D:1      | Found Tishrim's Magic Scroll Boutique.
   109 | D:1      | 109 ||| SHOPLISTING 3 scrolls of identify (60 gold, have
                  | 19).
   109 | D:1      | 109 ||| SHOPLISTING scroll of identify (20 gold, have 19).
   109 | D:1      | 109 ||| SHOPLISTING scroll of teleportation (30 gold, have
                  | 19).
   135 | D:1      | You fall into a shaft and drop 1 floor!
   259 | D:2      | Reached skill level 6 in Ranged Weapons
   259 | D:2      | Reached XP level 2. HP: 16/16 MP: 4/4
   283 | D:2      | Found a broken altar of Ashenzari.
   326 | D:2      | 326 ||| UPGRADING to amulet of faith.
   331 | D:2      | 331 ||| READING scroll labelled FUILICVIDA.
   332 | D:2      | 332 ||| READING scroll labelled EXYWAOSOUTT.
   333 | D:2      | 333 ||| DROPPING scroll of butterflies.
   490 | D:1      | Found a faded altar of an unknown god.
   504 | D:1      | Reached XP level 3. HP: 20/20 MP: 5/5
   752 | D:1      | 752 ||| READING scroll labelled LOTALI CURCH.
  1058 | D:2      | Reached skill level 7 in Ranged Weapons
  1291 | D:2      | 1291 ||| UPGRADING to +0 ring mail.
  1301 | D:2      | 1301 ||| DROPPING +0 leather armour.
  1302 | D:2      | 1302 ||| READING 2 scrolls labelled IRPHUM CERELYDGH.
  1384 | D:3      | Found a hide-covered altar of Uskayaw.
  1763 | D:3      | Found an iron altar of Okawaru.
  1764 | D:3      | 1764 ||| PLANNING OKAWARU WORSHIP
  1764 | D:3      | 1764 ||| DROPPING amulet of guardian spirit.
  1769 | D:3      | Became a worshipper of Warmaster Okawaru
  1770 | D:3      | 1770 ||| PLANNING D:1-11
  1794 | D:3      | Found an ancient bone altar of Kikubaaqudgha.
  2123 | D:4      | 2123 ||| STAIRDANCE
  2131 | D:3      | Reached XP level 4. HP: 8/25 MP: 6/6
  2235 | D:4      | Reached skill level 8 in Ranged Weapons
  2240 | D:4      | Reached XP level 5. HP: 25/29 MP: 7/7
  2246 | D:4      | HP: 7/29 [poisoned by a kobold]
  2368 | D:4      | Found a stormy altar of Qazlal.
  2482 | D:4      | Found a runed translucent gate.
  2482 | D:4      | Found a runed translucent gate.
  2482 | D:4      | Found a runed translucent gate.
  2484 | D:4      | Found an opulent altar of Gozag.
  2493 | D:4      | Noticed qw's ghost (amateur DEHu)
  2508 | D:4      | 2508 ||| SWAPPING to +0 orcbow.
  2509 | D:4      | 2509 ||| DROPPING +0 shortbow.
  2566 | D:4      | Reached skill level 9 in Ranged Weapons
  2577 | D:4      | Reached * piety under Okawaru
  2578 | D:4      | 2578 ||| INVOKING Heroism.
  2652 | D:4      | 2652 ||| Stepping ~*~*~tactically~*~*~ (cloud).
  2673 | D:4      | 2673 ||| READING scroll labelled ILETUX YMOJAT.
  2907 | D:4      | 2907 ||| READING 2 scrolls of identify.
  2907 | D:4      | 2907 ||| IDENTIFYING green potion
  2915 | D:5      | Entered Level 5 of the Dungeon
  2977 | D:5      | Reached XP level 6. HP: 35/35 MP: 8/8
  2999 | D:5      | Noticed Sigmund
  3005 | D:5      | Killed Sigmund
  3006 | D:5      | Reached skill level 10 in Ranged Weapons
  3070 | D:5      | Reached skill level 3 in Dodging
  3070 | D:5      | Reached skill level 1 in Invocations
  3070 | D:5      | Reached XP level 7. HP: 38/40 MP: 8/10
  3138 | D:5      | 3138 ||| INVOKING Heroism.
  3289 | D:5      | Found a shadowy altar of Dithmenos.
  3377 | D:5      | 3377 ||| Stepping ~*~*~tactically~*~*~ (outnumbered).
  3379 | D:5      | 3379 ||| Stepping ~*~*~tactically~*~*~ (outnumbered).
  3383 | D:5      | 3383 ||| Stepping ~*~*~tactically~*~*~ (outnumbered).
  3385 | D:5      | 3385 ||| INVOKING Heroism.
  3391 | D:5      | HP: 10/40 [gnoll/+0 spear[a gnoll sergeant] (5)]
  3392 | D:5      | 3392 ||| READING 4 scrolls of teleportation.
  3393 | D:5      | 3393 ||| DRINKING 2 potions of heal wounds.
  3395 | D:5      | Reached skill level 3 in Invocations
  3508 | D:5      | 3508 ||| INVOKING Heroism.
  3517 | D:5      | Reached skill level 11 in Ranged Weapons
  3539 | D:5      | 3539 ||| FLEEEEING.
  3540 | D:5      | 3540 ||| FLEEEEING.
  3541 | D:5      | 3541 ||| INVOKING Heroism.
  3660 | D:5      | 3660 ||| INVOKING Heroism.
  3758 | D:5      | 3758 ||| INVOKING Heroism.
  3958 | D:5      | Reached XP level 8. HP: 44/44 MP: 13/13
  4035 | D:5      | 4035 ||| READING scroll labelled WOABAF QAOWI.
  4036 | D:5      | 4036 ||| READING scroll labelled OLANNA XETANUXU.
  4037 | D:5      | 4037 ||| DRINKING 2 metallic green potions.
  4038 | D:5      | 4038 ||| READING 2 scrolls of identify.
  4038 | D:5      | 4038 ||| IDENTIFYING smoky green potion
  4039 | D:5      | 4039 ||| DROPPING potion of attraction.
  4109 | D:6      | 4109 ||| INVOKING Heroism.
  4181 | D:6      | Found a broken altar of Ashenzari.
  4185 | D:6      | Saw a vision of the Swamp and the Snake Pit.
  4185 | D:6      | Noticed a tyrant leech
  4185 | D:6      | Noticed a swamp dragon
  4185 | D:6      | Noticed a spriggan rider
  4185 | D:6      | Noticed a nagaraja
  4185 | D:6      | Noticed a tyrant leech
  4185 | D:6      | Noticed a tyrant leech
  4185 | D:6      | Noticed a black mamba
  4185 | D:6      | Noticed a bog body
  4185 | D:6      | Noticed a black mamba
  4185 | D:6      | Noticed a swamp dragon
  4185 | D:6      | Noticed a ghost crab
  4187 | D:6      | Noticed a spriggan rider
  4188 | D:6      | Noticed a bloated husk
  4227 | D:6      | 4227 ||| INVOKING Heroism.
  4233 | D:6      | HP: 5/44 [yak (13)]
  4234 | D:6      | 4234 ||| READING 3 scrolls of teleportation.
  4234 | D:6      | Mangled by a yak

Levels and vault maps discovered:
D:1:      nicolae_arrival_memento_mori, layout_basic, serial_shops,
          nicolae_shop_trees, chequers_ecumenical_altar_island
D:2:      layout_loops_ring, basic_altar, minmay_misc_feat_ornament,
          corner_web_ring
D:3:      layout_loops_corners, general_overflow_altar,
          kiku_gazebo_garden_becter, mainiacjoe_overflow_boulevard
D:4:      wad_lake_hut, layout_rooms, mainiacjoe_overflow_24_doors,
          ebering_ghost_gozag
D:5:      layout_loops_ring, nicolae_dithmenos_through_a_glass_darkly,
          uniq_sigmund
D:6:      layout_loops_ring, grunt_ashenzari_visionary
          [grunt_ashenzari_visionary_swamp, grunt_ashenzari_visionary_snake],
          gammafunk_temple_overflow_wave, temple_green

Skill      XL: |  1  2  3  4  5  6  7 |
---------------+----------------------+-----
Ranged Weapons | 6 7 8 9 10 11 | 11.9
Fighting       | 2 |  2.1
Dodging        | 3 |  3.2
Invocations    | 1 4 |  4.3
Stealth        | |  1.2

Action                     |  1- 3 |  4- 6 |  7- 9 || total
---------------------------+-------+-------+-------++-------
   Fire: Shortbow          |   140 |    34 |       ||   174
         Orcbow            |       |    51 |   129 ||   180
 Invoke: Heroism           |       |     1 |     8 ||     9
    Use: Scroll            |     4 |     2 |     5 ||    11
         Potion            |       |       |     2 ||     2
 Armour: Leather armour    |    13 |       |       ||    13
         Ring mail         |     6 |    11 |    16 ||    33
  Dodge: Dodged            |    38 |    15 |    57 ||   110

Table legend:
 A = Non-vault XP
 B = Vault XP
 C = Vault XP percentage of total XP
 D = Non-vault monster count
 E = Vault monster count
 F = Vault count percentage of total count
                 A         B        C        D         E       F
            +---------+---------+-------+---------+---------+-------
      Total |    1344 |     231 |  14.7 |     100 |       1 |   1.0
            +---------+---------+-------+---------+---------+-------
        D:1 |      48 |       0 |   0.0 |      30 |       0 |   0.0
        D:2 |      19 |       0 |   0.0 |      12 |       0 |   0.0
        D:3 |      82 |       0 |   0.0 |      11 |       0 |   0.0
        D:4 |     221 |       0 |   0.0 |      17 |       0 |   0.0
        D:5 |     847 |     231 |  21.4 |      29 |       1 |   3.3
        D:6 |     127 |       0 |   0.0 |       1 |       0 |   0.0
            +---------+---------+-------+---------+---------+-------
